 Dungeon Crawl Stone Soup version 0.28.0-43-g3370ac3207 (webtiles) character file.

Game seed: 12120724563354335305

688 adizb the Skirmisher (level 7, -6/62 HPs)
             Began as a Palentonga Fighter on Mar 26, 2022.
             Was an Initiate of Okawaru.
             Killed by divine providence
             ... invoked by an orc priest
              (17 damage)
             ... on level 4 of the Dungeon.
             The game lasted 00:15:57 (3049 turns).

adizb the Skirmisher (Palentonga Fighter)           Turns: 3049, Time: 00:15:58

Health: -6/62      AC: 16    Str: 21    XL:     7   Next: 36%
Magic:  7/7        EV:  7    Int:  8    God:    Okawaru [......]
Gold:   74         SH:  0    Dex: 10    Spells: 6/6 levels left

rFire   . . .      SeeInvis +   k - +0 short sword (vamp)
rCold   . . .      Faith    .   b - +0 buckler
rNeg    . . .      Spirit   .   a - +0 scale mail
rPois   .          Reflect  .   l - +2 hat
rElec   .          Harm     .   (no cloak)
rCorr   .          Rampage  .   (no gloves)
Will    .....                   (no barding)
Stlth   ..........              (no amulet)
HPRegen 0.20/turn               (no ring)
MPRegen 0.10/turn               (no ring)

@: confused, curled up
A: large, rugged brown scales 3, see invisible, deformed body, roll 1, armoured
tail, reflexive curl
a: Rolling Charge, Renounce Religion


You were on level 4 of the Dungeon.
You worshipped Okawaru.
Okawaru was noncommittal.
You visited 1 branch of the dungeon, and saw 4 of its levels.

You collected 178 gold pieces.
You spent 104 gold pieces at shops.

Inventory:

Hand Weapons
 d - a +2 spectral club
 k - a +0 vampiric short sword (weapon)
 u - a +2 dagger of electrocution
Missiles
 s - 4 poisoned darts
 v - 5 javelins
Armour
 a - a +0 scale mail (worn)
 b - a +0 buckler (worn)
 e - a +0 helmet
 l - a +2 hat (worn)
Jewellery
 j - a ring of see invisible
Wands
 g - a wand of acid (9)
 n - a wand of polymorph (7)
 t - a wand of iceblast (7)
Scrolls
 h - 2 scrolls of teleportation
 p - a scroll of fear
Potions
 c - 4 potions of might
 f - a potion of brilliance
 i - 2 potions of curing
 m - 3 potions of lignification {unknown}
 o - 2 potions of invisibility {unknown}
 q - a potion of heal wounds
 r - a potion of flight {unknown}


   Skills:
 * Level 6.2 Fighting
 - Level 1.1 Short Blades
 + Level 2.0 Maces & Flails
 + Level 3.9 Armour
 + Level 2.7 Shields
 - Level 3.8 Unarmed Combat


You had 6 spell levels left.
You didn't know any spells.
Your spell library contained the following spells:

 Spells                   Type           Power      Damage    Failure   Level
 Portal Projectile        Hex/Tloc       0%         N/A       99%         3
 Blade Hands              Tmut           0%         N/A       100%        5
 Excruciating Wounds      Necr           0%         N/A       100%        5


Dungeon Overview and Level Annotations

Branches:
Dungeon (4/15)
 Temple: D:4-7

Altars:
Nemelex Xobeh
Okawaru
Yredelemnul

Shops:
D:1 !   D:2 *


Innate Abilities, Weirdness & Mutations

You are completely covered in rugged brown scales. (AC +3, +7% HP)
You have supernaturally acute eyesight. (SInv)
Armour fits poorly on your strangely shaped body.
You can roll at nearby foes to attack.
You have a long armoured tail.
You curl defensively after being hit. (AC +7*)


Message History

You barely miss the orc wizard.
The orc wizard is moderately wounded.
The orc wizard hits you but does no damage.
The orc priest calls down the wrath of Beogh upon you.
Beogh smites you!
* * * LOW HITPOINT WARNING * * *
You hit the orc wizard.
The orc wizard is heavily wounded.
The orc wizard hits you but does no damage.
You hit the orc wizard.
You tail-slap the orc wizard, but do no damage.
The orc wizard is severely wounded.
The orc wizard hits you with a +2 dagger of freezing.
* * * LOW HITPOINT WARNING * * *
The orc wizard freezes you.
* * * LOW HITPOINT WARNING * * *
You feel much better.
The orc wizard gestures at you while chanting.
You resist with some effort.
You barely miss the orc wizard.
The orc wizard is severely wounded.
The orc wizard hits you with a +2 dagger of freezing.
The orc wizard freezes you. The orc wizard casts a spell at you.
The puff of flame hits you!
You closely miss the orc wizard.
The orc wizard is severely wounded.
The orc wizard hits you but does no damage.
The orc wizard points at you and mumbles some strange words.
The magic dart hits you but does no damage.
The orc wizard casts a spell at you. You resist with some effort.
The orc priest calls down the wrath of Beogh upon you.
Beogh smites you!
* * * LOW HITPOINT WARNING * * *
The orc wizard casts a spell at you.
You are confused.
The orc priest mumbles some strange prayers to Beogh against you.
Beogh smites you!
You die...

#. #.# ## #.###.#
.###..##.####### ...............#
...............# ...............#
...............################.#
#...............@.....oo.....)..#
...............###############...
...............######### ##
.........####.....)....#
.........# #..........#
.........# #..........#
.)......>#####.##.######
###########........# # #.##.##..#


You could see an orc priest and an orc wizard.

Vanquished Creatures
  Grinder (D:3)
  Sigmund (D:2)
  A scorpion (D:4)
  A centaur zombie (D:4)
  An orc priest (D:4)
  Ijyb (D:3)
  Jessica (D:2)
  A scorpion zombie (D:4)
  An iguana (D:4)
  A hound zombie (D:4)
  A howler monkey zombie (D:4)
  3 adders
  An ufetubus (D:4)
  An adder zombie (D:4)
  A worm (D:3)
  6 orcs
  5 bats
  6 endoplasms
  2 giant cockroaches
  4 goblins
  3 hobgoblins
  4 kobolds
  2 quokkas
  4 ball pythons
  A frilled lizard (D:1)
  3 rats
57 creatures vanquished.

Notes
Turn   | Place    | Note
-------+----------+-------------------------------------------
     0 | D:1      | adizb the Palentonga Fighter began the quest for the Orb.
     0 | D:1      | Reached XP level 1. HP: 19/19 MP: 1/1
   145 | D:1      | Found a faded altar of an unknown god.
   210 | D:1      | Found Biew Uhe's Distillery.
   221 | D:1      | Reached XP level 2. HP: 22/25 MP: 2/2
   773 | D:2      | Noticed Sigmund
   982 | D:2      | Found Leuvynn's General Store.
  1124 | D:2      | Reached XP level 3. HP: 14/31 MP: 3/3
  1275 | D:2      | Noticed Jessica
  1295 | D:2      | Killed Jessica
  1304 | D:2      | Reached skill level 4 in Fighting
  1735 | D:1      | Bought a potion of curing for 39 gold pieces
  1735 | D:1      | Bought a potion of heal wounds for 65 gold pieces
  1787 | D:2      | Killed Sigmund
  1788 | D:2      | Reached skill level 5 in Fighting
  1788 | D:2      | Reached XP level 4. HP: 27/41 MP: 4/4
  1788 | D:2      | Reached XP level 5. HP: 31/47 MP: 5/5
  2187 | D:3      | Noticed Ijyb
  2213 | D:3      | Killed Ijyb
  2286 | D:3      | Noticed Grinder
  2296 | D:3      | Killed Grinder
  2297 | D:3      | Reached skill level 1 in Maces & Flails
  2297 | D:3      | Reached XP level 6. HP: 44/55 MP: 6/6
  2365 | D:3      | Found a sparkling altar of Nemelex Xobeh.
  2635 | D:4      | Found an iron altar of Okawaru.
  2667 | D:4      | Became a worshipper of Warmaster Okawaru
  2700 | D:4      | Gained mutation: You curl defensively after being hit. (AC
                  | +7*) [Palentonga growth]
  2700 | D:4      | Reached XP level 7. HP: 46/60 MP: 7/7
  2753 | D:4      | Reached skill level 6 in Fighting
  2769 | D:4      | Found a basalt altar of Yredelemnul.
  2808 | D:4      | Reached skill level 1 in Short Blades
  3049 | D:4      | Killed from afar by an orc priest

Illustrated notes

Levels and vault maps discovered:
D:1:      nzn_arrival_settlement, layout_loops_ring,
          ebering_ecumenical_altar_ruins, serial_shops, nicolae_diamond_shop
D:2:      layout_basic, serial_shops, shop, grunt_decor_mini_mirrors,
          uniq_jessica, uniq_sigmund
D:3:      layout_loops_cross, nemelex_xobeh_ov_fountains_minmay,
          chequers_serial_rivers_large_b, uniq_ijyb, uniq_grinder
D:4:      layout_basic, zin_scriptorium, nicolae_yredelemnul_corpse_copse,
          old_standard_altar, okawaru_ov_weapons_minmay

Skill      XL: |  1  2  3  4  5  6  7 |
---------------+----------------------+-----
Fighting       | 5 6 |  6.2
Armour         | 3 |  3.9
Unarmed Combat | 3 |  3.8
Maces & Flails | 1 2 |  2.0
Short Blades   | 1 |  1.1
Shields        | |  2.7

Action                   |  1- 3 |  4- 6 |  7- 9 || total
-------------------------+-------+-------+-------++-------
Melee: Short sword       |    77 |     7 |    15 ||    99
       Unarmed           |     4 |     6 |       ||    10
       Tailslap          |     8 |     7 |    10 ||    25
       Punch             |     3 |     1 |       ||     4
       Club              |    10 |    47 |    38 ||    95
 Abil: Rolling Charge    |     1 |     7 |     3 ||    11
  Use: Scroll            |     2 |     5 |       ||     7
       Potion            |       |       |     2 ||     2
 Stab: Distracted        |       |       |     1 ||     1
Armor: Scale mail        |    49 |    28 |    21 ||    98
       Skin              |       |     3 |       ||     3
Dodge: Dodged            |    33 |    20 |    11 ||    64
Block: Buckler           |       |     7 |     7 ||    14
